 Dungeon Crawl Stone Soup version 0.28-a0-938-gbc3f381ebc (webtiles) character file.

Game seed: 16925698784501214939

2403 Decritt the Cleaver (level 9, -9/79 HPs)
             Began as a Minotaur Fighter on Nov 28, 2021.
             Was an Initiate of Gozag.
             Mangled by an eight-headed hydra (10 damage)
             ... on level 8 of the Dungeon.
             The game lasted 00:12:45 (7367 turns).

Decritt the Cleaver (Minotaur Fighter)              Turns: 7367, Time: 00:12:45

Health: -9/79      AC: 10    Str: 24    XL:     9   Next: 23%
Magic:  8/8        EV: 12    Int:  5    God:    Gozag
Gold:   547        SH:  5    Dex: 10    Spells: 8/8 levels left

rFire   . . .      SeeInvis .   u - +2 spear (venom)
rCold   . . .      Faith    .   c - +0 buckler
rNeg    + . .      Spirit   .   b - +0 scale mail
rPois   .          Reflect  .   (helmet restricted)
rElec   .          Harm     .   g - +0 cloak
rCorr   .          Rampage  .   B - +0 pair of gloves
Will    .....                   (no boots)
Stlth   ..........              (no amulet)
HPRegen 0.23/turn               e - ring of positive energy
MPRegen 0.11/turn               (no ring)

@: gold aura
A: horns 2, retaliatory headbutt
a: Renounce Religion, Potion Petition, Call Merchant, Bribe Branch


You were on level 8 of the Dungeon.
You worshipped Gozag.
Gozag was pleased with you.
You visited 2 branches of the dungeon, and saw 9 of its levels.

You collected 584 gold pieces.
You paid 37 gold pieces to Gozag.

Inventory:

Hand Weapons
 a - a +0 war axe
 s - a +1 flail of protection
 u - a +2 spear of venom (weapon)
 z - a +2 whip of flaming
 C - a +0 club
Armour
 b - a +0 scale mail (worn)
 c - a +0 buckler (worn)
 g - a +0 cloak (worn)
 B - a +0 pair of gloves (worn)
Jewellery
 e - a ring of positive energy (left hand)
Wands
 y - a wand of mindburst (8)
 D - a wand of iceblast (8)
 E - a wand of polymorph (7)
Scrolls
 f - a scroll of magic mapping {unknown}
 k - a scroll of immolation
 l - 2 scrolls of amnesia
 m - a scroll of silence {unknown}
 r - a scroll of brand weapon {unknown}
 t - a scroll of enchant armour {unknown}
 v - a scroll of enchant weapon {unknown}
 A - 2 scrolls of teleportation {unknown}
Potions
 d - 3 potions of might
 h - 2 potions of brilliance
 i - 3 potions of haste
 j - a potion of heal wounds
 n - 3 potions of curing
 o - 2 potions of attraction
 p - 3 potions of lignification
 q - 2 potions of flight {unknown}
 w - 2 potions of berserk rage
 x - 2 potions of resistance {unknown}


   Skills:
 + Level 7.4 Fighting
 + Level 8.0 Axes
 + Level 7.3 Armour
 + Level 5.6 Dodging
 + Level 7.3 Shields


You had 8 spell levels left.
You didn't know any spells.
Your spell library contained the following spells:

 Spells                   Type           Power      Damage    Failure   Level
 Dazzling Flash           Conj/Hex       0%         N/A       98%         3
 Inner Flame              Hex/Fire       0%         N/A       98%         3
 Mephitic Cloud           Conj/Pois/Air  0%         N/A       98%         3
 Agony                    Necr           0%         N/A       100%        5
 Fireball                 Conj/Fire      0%         3d3       100%        5
 Silence                  Hex/Air        0%         N/A       100%        5
 Chain Lightning          Conj/Air       0%         N/A       100%        9


Dungeon Overview and Level Annotations

Branches:
Dungeon (8/15)             Temple (1/1) D:4
   Lair: D:8-11

Altars:
Ashenzari
Cheibriados
Dithmenos
Elyvilon
Fedhas
Gozag
Kikubaaqudgha
Makhleb
Nemelex Xobeh
Okawaru
Qazlal
Ru
Sif Muna
Trog
Uskayaw
Vehumet
Wu Jian
Xom
Yredelemnul
Zin
The Shining One

Annotations:
D:4 3 runed translucent doors, GenialerGandalf's ghost, amateur OpMo; bgiannan's ghost, amateur GrFi; fly's ghost, amateur FoDe; fly's ghost, weakling FoDe


Innate Abilities, Weirdness & Mutations

You have a pair of horns on your head.
You reflexively headbutt those who attack you in melee.


Message History

* * * LOW HITPOINT WARNING * * *
The steam dragon bites you.
* * * LOW HITPOINT WARNING * * *
You block the steam dragon's attack. The steam dragon barely misses you.
You furiously retaliate!
You headbutt the steam dragon, but do no damage.
You block the steam dragon's attack. The steam dragon breathes steam at you.
The ball of steam misses you.
You reach to attack!
You closely miss the steam dragon.
The steam dragon is moderately wounded.
The steam dragon breathes steam at you. The ball of steam hits you.
* * * LOW HITPOINT WARNING * * *
You are engulfed in a cloud of scalding steam.
* * * LOW HITPOINT WARNING * * *
You are engulfed in a cloud of scalding steam.
You are engulfed in a cloud of scalding steam.
* * * LOW HITPOINT WARNING * * *
The steam dragon breathes steam at you. The ball of steam misses you.
You are engulfed in a cloud of scalding steam.
* * * LOW HITPOINT WARNING * * *
There is a stone staircase leading down here.
The centaur skeleton is engulfed in a cloud of scalding steam.
The centaur skeleton is destroyed!
You climb downwards.
Found 8 gold pieces.
There is a stone staircase leading up here.
Okay, then.
Okay, then.
The eight-headed hydra bites you!
* * * LOW HITPOINT WARNING * * *
The eight-headed hydra closely misses you.
The eight-headed hydra bites you!
* * * LOW HITPOINT WARNING * * *
The eight-headed hydra barely misses you.
The eight-headed hydra bites you!
You die...
Your body crumbles into a pile of gold.

.. ######.#
#.$....#
#...... ##
#.$...##...
#........
#...D.#
#..@..#
#.....#
#######


You could see an eight-headed hydra.

Vanquished Creatures
  Pikel (D:5)
  A centaur zombie (D:6)
  Sigmund (D:2)
  An ogre (D:3)
  2 phantoms
  2 bullfrogs (D:7)
  4 scorpions
  A water moccasin skeleton (D:6)
  A wyvern skeleton (D:6)
  A howler monkey (D:5)
  A bullfrog zombie (D:6)
  A jelly (D:4)
  2 centaur skeletons
  3 hounds
  An orc priest (D:5)
  3 iguanas
  A bullfrog skeleton (D:6)
  A scorpion zombie (D:3)
  An orc wizard (D:7)
  A killer bee zombie (D:6)
  A howler monkey skeleton (D:6)
  Robin (D:3)
  10 adders
  A shadow imp (D:6)
  4 ufetubi
  An adder skeleton (D:4)
  3 worms
  2 dart slugs
  29 orcs
  7 endoplasms
  6 giant cockroaches
  12 goblins
  9 hobgoblins
  4 quokkas
  5 ball pythons
  7 bats
  5 frilled lizards
  7 kobolds
  7 rats
  A butterfly (D:4)
152 creatures vanquished.

Vanquished Creatures (others)
  A centaur skeleton (D:7)
  16 plants
17 creatures vanquished.

Grand Total: 169 creatures vanquished

Notes
Turn   | Place    | Note
-------+----------+-------------------------------------------
     0 | D:1      | Decritt the Minotaur Fighter began the quest for the Orb.
     0 | D:1      | Reached XP level 1. HP: 19/19 MP: 0/0
    33 | D:1      | Found a faded altar of an unknown god.
   145 | D:1      | Reached XP level 2. HP: 27/27 MP: 1/1
   280 | D:1      | Reached skill level 3 in Axes
   958 | D:1      | Reached XP level 3. HP: 33/33 MP: 2/2
   964 | D:1      | Reached skill level 1 in Dodging
  1298 | D:2      | Noticed Sigmund
  1312 | D:2      | Killed Sigmund
  1313 | D:2      | Reached skill level 4 in Axes
  1313 | D:2      | Reached XP level 4. HP: 12/41 MP: 3/3
  1313 | D:2      | Reached XP level 5. HP: 14/47 MP: 4/4
  2164 | D:3      | Reached XP level 6. HP: 51/53 MP: 5/5
  2263 | D:3      | Noticed Robin
  2265 | D:3      | Reached skill level 5 in Axes
  2278 | D:3      | Killed Robin
  2951 | D:3      | Got Bazigoj's Papyrus of Gliding Fire
  3387 | D:3      | Reached skill level 5 in Fighting
  3387 | D:3      | Reached skill level 5 in Armour
  3655 | D:4      | Reached skill level 5 in Shields
  3655 | D:4      | Reached XP level 7. HP: 61/61 MP: 6/6
  3743 | D:4      | Found a staircase to the Ecumenical Temple.
  3758 | Temple   | Entered the Ecumenical Temple
  3918 | Temple   | Became a worshipper of Gozag Ym Sagoz the Greedy
  3948 | D:4      | Reached skill level 6 in Axes
  4182 | D:4      | Found a runed translucent gate.
  4182 | D:4      | Found a runed translucent gate.
  4183 | D:4      | Found a runed translucent gate.
  4184 | D:4      | Noticed fly's ghost (weakling FoDe)
  4184 | D:4      | Noticed fly's ghost (weakling FoDe)
  4184 | D:4      | Noticed fly's ghost (amateur FoDe)
  4185 | D:4      | Noticed bgiannan's ghost (amateur GrFi)
  4185 | D:4      | Noticed GenialerGandalf's ghost (amateur OpMo)
  4368 | D:5      | Entered Level 5 of the Dungeon
  4394 | D:5      | Noticed Pikel
  4412 | D:5      | Killed Pikel
  4413 | D:5      | Reached XP level 8. HP: 45/70 MP: 7/7
  5375 | D:5      | Identified the +6 trident of Tumult {drain, +Blink rF-
                  | Str-3 Int+6}
  5391 | D:5      | Reached skill level 7 in Axes
  6177 | D:6      | Reached skill level 5 in Dodging
  7100 | D:6      | Reached XP level 9. HP: 75/79 MP: 8/8
  7332 | D:7      | Reached skill level 8 in Axes
  7366 | D:8      | Noticed an eight-headed hydra
  7367 | D:8      | HP: 1/79 [eight-headed hydra (12)]
  7367 | D:8      | Mangled by an eight-headed hydra

Illustrated notes

Levels and vault maps discovered:
D:1:      eino_arrival_tree_alley, layout_loops_ring,
          chequers_ecumenical_altar_island, serial_forest,
          infiniplex_forest_clump_tiny, infiniplex_forest_clump_small,
          infiniplex_forest_end_2, infiniplex_forest_lined_corner,
          infiniplex_forest_straight_1, infiniplex_forest_split,
          infiniplex_forest_clump_cross, infiniplex_forest_clump_double,
          infiniplex_forest_lined_3, infiniplex_forest_diagonal
D:2:      kennysheep_big_flooded_room, layout_loops_ring, serial_bayou_lagoon_b,
          uniq_sigmund
D:3:      layout_loops_corners, kennysheep_generic_room_4, uniq_robin
D:4:      layout_rooms, minmay_temple_entry_butterflies,
          gammafunk_ghost_cemetery
D:5:      layout_gridville, uniq_pikel
D:6:      layout_basic
D:7:      minmay_slanted_spiral_squares, layout_loops_ring
D:8:      layout_rooms, uniq_harold
Temple:   compressed_dpeg_circular_temple

Skill      XL: |  1  2  3  4  5  6  7  8  9 |
---------------+----------------------------+-----
Axes           | 3 4 5 6 7 8 |  8.0
Dodging        | 2 3 4 5 |  5.6
Fighting       | 4 5 6 7 |  7.4
Armour         | 4 5 6 7 |  7.3
Shields        | 4 5 7 |  7.3

Action                   |  1- 3 |  4- 6 |  7- 9 || total
-------------------------+-------+-------+-------++-------
Melee: War axe           |    71 |   102 |       ||   173
       Headbutt          |    13 |    20 |    40 ||    73
       Flail             |       |    32 |    17 ||    49
       Spear             |       |       |   227 ||   227
Throw: Boomerang         |       |       |     4 ||     4
  Use: Scroll            |       |     6 |     3 ||     9
Armor: Scale mail        |    36 |    57 |    90 ||   183
Dodge: Dodged            |    26 |    62 |   102 ||   190
Block: Buckler           |    17 |    35 |    52 ||   104

Table legend: (Time is in decaauts)
 A = Elapsed time spent in this place.
 B = Non-inter-level travel time spent in this place.
 C = Inter-level travel time spent in this place.
 D = Time resting spent in this place.
 E = Time spent auto-exploring this place.
 F = Levels seen in this place.
 G = Mean time per level.
                   A        B        C        D        E       F      G
               +--------+--------+--------+--------+--------+-----+--------+
         Total |   7431 |   7258 |    173 |   1449 |   4691 |   9 |  825.7 |
       Dungeon |   7249 |   7086 |    163 |   1349 |   4648 |   8 |  906.1 |
        Temple |    181 |    171 |     10 |    100 |     43 |   1 |  181.0 |
               +--------+--------+--------+--------+--------+-----+--------+

Top non-repeatable levels by time:
     D:5: 1565 daAuts
     D:3: 1441 daAuts
     D:6: 1254 daAuts
     D:1: 1201 daAuts
     D:2: 1022 daAuts
     D:4: 611 daAuts
  Temple: 181 daAuts
     D:7: 152 daAuts
     D:8: 0 daAuts
